 Dungeon Sprint DCSS version 0.19-a0-1654-g9d3f708 (webtiles) character file.

410 George the Carver (level 6, -6/61 HPs)
             Began as a Minotaur Fighter on Sept 20, 2016.
             Was an Initiate of Makhleb.
             Mangled by a hill giant
             ... wielding a +0 giant club
              (28 damage)
             ... in the Dungeon (Sprint IX: "|||||||||||||||||||||||||||||").
             The game lasted 00:01:13 (263 turns).

George the Carver (Minotaur Fighter)                 Turns: 263, Time: 00:01:13

Health: -6/61      AC: 13    Str: 24    XL:     6   Next: 58%
Magic:  0/2        EV:  7    Int:  8    God:    Makhleb [......]
Gold:   0          SH: 11    Dex: 14    Spells: 0 memorised, 5 levels left

rFire  . . .     SeeInvis .     q - +2 scimitar "Zeusuut" {antimagic, Int+3}
rCold  . . .     Gourm    .     r - +1 chain mail
rNeg   . . .     Faith    .     c - +0 shield
rPois  .         Spirit   .     (helmet restricted)
rElec  .         Dismiss  .     (no cloak)
rCorr  .         Reflect  .     (no gloves)
MR     .....     Harm     .     a - +0 pair of boots
Stlth  .......... NoTele   +    (no amulet)
                                s - +3 ring of dexterity
                                b - +3 ring of strength

@: no status effects
A: retaliatory headbutt, horns 2
a: Renounce Religion


You were in the Dungeon.
You worshipped Makhleb.
Makhleb was noncommittal.
You were not hungry.

You visited 1 branch

Inventory:

Hand Weapons
 p - a +2 rapier of draining
 q - the +2 scimitar "Zeusuut" (weapon) {antimagic, Int+3}
   (You found it in the Dungeon)

   It reduces the magical energy of the wielder, and disrupts the spells and
   magical abilities of those hit.
   Natural abilities and divine invocations are not affected.
   It affects your intelligence (+3).
Armour
 a - a +0 pair of boots (worn)
 c - a +0 shield (worn)
 r - a +1 chain mail (worn)
Jewellery
 b - a +3 ring of strength (left hand)
 s - a +3 ring of dexterity (right hand)
Wands
 o - a wand of iceblast (7/15)
Scrolls
 k - 2 scrolls of blinking
 m - 3 scrolls of remove curse
 n - 2 scrolls of amnesia
Potions
 d - a potion of might
 e - 5 potions of curing
 g - 3 potions of heal wounds
 h - a potion of haste
 i - 4 potions of magic
 j - a potion of berserk rage
 l - a potion of invisibility
Comestibles
 f - a bread ration


   Skills:
 + Level 8.0 Fighting
 * Level 10.5 Long Blades
 + Level 8.0 Armour
 + Level 7.8 Shields
 + Level 4.8 Invocations


You had 5 spell levels left.
You didn't know any spells.

Dungeon Overview and Level Annotations

Branches:
Dungeon (1/1)

Altars:
Cheibriados
Dithmenos
Elyvilon
Fedhas
Gozag
Hepliaklqana
Kikubaaqudgha
Makhleb
Nemelex Xobeh
Okawaru
Qazlal
Ru
Sif Muna
Trog
Uskayaw
Vehumet
Xom
Yredelemnul
Zin
The Shining One
Beogh
Jiyva
Lugonu


Innate Abilities, Weirdness & Mutations

You reflexively headbutt those who attack you in melee.
You have a pair of horns on your head.


Message History

Your base attributes are Str 21, Int 5, Dex 10.
Increase (S)trength, (I)ntelligence, or (D)exterity?
You feel agile.
The crimson imp blinks!
You slash the hill giant!
You headbutt the hill giant, but do no damage.
The hill giant is lightly wounded.
The crimson imp blinks!
You block the hill giant's attack.
You slice the hill giant!!
The hill giant is heavily wounded.
The crimson imp blinks!
Your shield and chain mail prevent you from hitting the hill giant.
You headbutt the hill giant!
The hill giant is heavily wounded.
The hill giant hits you with a giant club!
You hit the hill giant but do no damage.
You headbutt the hill giant.
The hill giant is severely wounded.
The hill giant hits you with a giant club!!
You die...

▓.▓
▓.▓
▓|▓
▓)▓
▓.▓
▓[▓
▓[▓
▓.▓
▓@▓
▓C▓
▓Z▓
▓y▓
▓.▓
▓.▓
▓5▓
▓.▓


You could see a hill giant, a killer bee, a crimson imp and an adder zombie.

Vanquished Creatures
  A gargoyle (D)
  A phantom (D)
  A jelly (D)
  An adder (D)
  An ooze (D)
  A giant cockroach (D)
  A goblin (D)
  A quokka (D)
  A bat (D)
  A frilled lizard (D)
  A giant cockroach zombie (D)
  A kobold (D)
12 creatures vanquished.

Vanquished Creatures (others)
  A spatial maelstrom (D)
1 creature vanquished.

Grand Total: 13 creatures vanquished

Notes
Turn   | Place    | Note
-------+----------+-------------------------------------------
     0 | D        | George the Minotaur Fighter began the quest for the Orb.
     0 | D        | Reached XP level 1. HP: 19/19 MP: 0/0
     4 | D        | Reached skill level 3 in Long Blades
    23 | D        | Banished a spatial maelstrom
    24 | D        | Reached skill level 4 in Long Blades
    24 | D        | Reached XP level 2. HP: 22/27 MP: 1/1
    86 | D        | Reached skill level 5 in Fighting
    86 | D        | Reached skill level 5 in Long Blades
    86 | D        | Reached skill level 5 in Armour
    86 | D        | Reached XP level 3. HP: 29/36 MP: 2/2
    93 | D        | Reached skill level 6 in Long Blades
    93 | D        | Reached skill level 5 in Shields
   183 | D        | Found a roughly hewn altar of Beogh.
   183 | D        | Found a snail-covered altar of Cheibriados.
   183 | D        | Found a shadowy altar of Dithmenos.
   183 | D        | Found a white marble altar of Elyvilon.
   183 | D        | Found a blossoming altar of Fedhas.
   183 | D        | Found an opulent altar of Gozag.
   184 | D        | Found a hazy altar of Hepliaklqana.
   185 | D        | Found a viscous altar of Jiyva.
   186 | D        | Found an ancient bone altar of Kikubaaqudgha.
   187 | D        | Found a corrupted altar of Lugonu.
   188 | D        | Found a burning altar of Makhleb.
   189 | D        | Found a sparkling altar of Nemelex Xobeh.
   190 | D        | Found an iron altar of Okawaru.
   191 | D        | Found a stormy altar of Qazlal.
   192 | D        | Found a sacrificial altar of Ru.
   193 | D        | Found a deep blue altar of Sif Muna.
   194 | D        | Found a bloodstained altar of Trog.
   195 | D        | Found a hide-covered altar of Uskayaw.
   196 | D        | Became a worshipper of Makhleb the Destroyer
   197 | D        | Found a radiant altar of Vehumet.
   198 | D        | Found a shimmering altar of Xom.
   199 | D        | Found a basalt altar of Yredelemnul.
   200 | D        | Found a glowing silver altar of Zin.
   201 | D        | Found a glowing golden altar of the Shining One.
   219 | D        | Got the +2 scimitar "Zeusuut" {antimagic, Int+3}
   249 | D        | Noticed a phantom
   249 | D        | Noticed a gargoyle
   249 | D        | Noticed a hill giant
   249 | D        | Noticed a killer bee
   254 | D        | Killed a phantom
   254 | D        | Reached skill level 7 in Long Blades
   254 | D        | Reached XP level 4. HP: 41/44 MP: 0/4
   259 | D        | Killed a gargoyle
   259 | D        | Reached skill level 10 in Long Blades
   259 | D        | Reached XP level 5. HP: 28/53 MP: 0/7
   259 | D        | Reached XP level 6. HP: 32/61 MP: 0/8
   263 | D        | Mangled by a hill giant

Vault maps used:
D:        linesprint

Skill      XL: |  1  2  3  4 |
---------------+-------------+-----
Fighting       | 4 5 6 8 |  8.0
Long Blades    | 4 5 7 10 | 10.5
Shields        | 4 5 7 |  7.8
Armour         | 4 5 6 8 |  8.0
Invocations    | 2 4 |  4.8

Action                   |  1- 3 |  4- 6 || total
-------------------------+-------+-------++-------
Melee: Long sword        |    39 |       ||    39
       Headbutt          |     4 |     4 ||     8
       Scimitar          |     6 |     9 ||    15
Armor: Scale mail        |    15 |       ||    15
       Chain mail        |       |     2 ||     2
Dodge: Dodged            |    12 |       ||    12
Block: Shield            |    14 |     2 ||    16
